 Dungeon Crawl Stone Soup version 0.29-a0-892-g2c4c91d9db (webtiles) character file.

Game seed: 9331217998424885581

807 kevlar127 the Ruffian (level 7, 0/106 HPs)
             Began as a Troll Berserker on July 22, 2022.
             Was a Priest of Trog.
             Succumbed to a scorpion's poison
             ... on level 5 of the Dungeon.
             The game lasted 00:06:45 (2961 turns).

kevlar127 the Ruffian (Troll Berserker)             Turns: 2961, Time: 00:06:46

Health: 0/106      AC:  5    Str: 28    XL:     7   Next: 60%
Magic:  6/6        EV: 10    Int:  3    God:    Trog [***...]
Gold:   252        SH:  0    Dex: 15    Spells: 6/6 levels left

rFire   . . .      SeeInvis .     - Unarmed
rCold   . . .      Faith    .   (no shield)
rNeg    . . .      Spirit   .   a - +0 animal skin
rPois   .          Reflect  .   (helmet restricted)
rElec   .          Harm     .   k - +0 cloak
rCorr   .          Rampage  .   (gloves unavailable)
Will    +....                   (boots unavailable)
Stlth   ..........              (no amulet)
HPRegen 1.07/turn               r - ring of willpower
MPRegen 0.10/turn               q - +6 ring of dexterity

@: berserking, lethally poisoned (0 -> -1), very quick
A: large, unfitting armour, claws 3, regeneration 1, shaggy fur 1, tough skin 1
a: Renounce Religion, Berserk, Trog's Hand


You were on level 5 of the Dungeon.
You worshipped Trog.
Trog was most pleased with you.
You visited 1 branch of the dungeon, and saw 5 of its levels.

You collected 252 gold pieces.

Inventory:

Missiles
 e - 48 stones (quivered)
 i - 11 poisoned darts
 l - 9 boomerangs
 m - 2 throwing nets
 w - 3 javelins
Armour
 a - a +0 animal skin (worn)
 k - a +0 cloak (worn)
Jewellery
 q - a +6 ring of dexterity (right claw)
 r - a ring of willpower (left claw)
Wands
 o - a wand of roots (6)
Scrolls
 b - 5 scrolls of teleportation {unknown}
 g - 2 scrolls of fear {unknown}
 h - 2 scrolls of noise {unknown}
 n - 2 scrolls of identify {unknown}
 v - 2 scrolls of immolation {unknown}
 x - 3 scrolls of amnesia {unknown}
Potions
 c - 2 potions of brilliance {unknown}
 d - 3 potions of lignification {unknown}
 f - 4 potions of degeneration {unknown}
 j - a potion of might {unknown}
 p - a potion of curing
 s - a potion of ambrosia {unknown}
 t - a potion of berserk rage {unknown}
 u - a potion of mutation {unknown}
 z - a potion of attraction {unknown}


   Skills:
 + Level 4.9 Fighting
 + Level 2.3 Throwing
 + Level 2.1 Armour
 - Level 3.0 Dodging
 + Level 5.8 Unarmed Combat


You had 6 spell levels left.
You didn't know any spells.
Your spell library was empty.

Dungeon Overview and Level Annotations

Branches:
Dungeon (5/15)
 Temple: D:4-7

Altars:
Okawaru
Trog


Innate Abilities, Weirdness & Mutations

You are too large for most types of armour.
You have claws for hands.
Your natural rate of healing is unusually fast.
You are covered in fur. (AC +1)
You have tough skin. (AC +1)


Message History

You claw the gnoll!
You kill the gnoll!
Trog accepts your kill.
Unknown command.
The gnoll closely misses you. The white imp hits you.
* * * LOW HITPOINT WARNING * * *
The white imp freezes you.
* * * LOW HITPOINT WARNING * * *
You see here a +0 spear.
You closely miss the gnoll. You barely miss the gnoll.
The gnoll closely misses you. The white imp barely misses you.
You closely miss the gnoll. The gnoll barely misses you.
The white imp gestures at you. The puff of frost hits you!
* * * LOW HITPOINT WARNING * * *
Unknown command.
You mangle the gnoll!!
You kill the gnoll!
Trog accepts your kill. The white imp gestures at you.
The puff of frost hits you.
* * * LOW HITPOINT WARNING * * *
You see here a +0 halberd.
You mangle the white imp!!
You feel the power of Trog in you as your rage grows.
You kill the white imp!
Trog accepts your kill.
You scratch the scorpion but do no damage.
You barely miss the scorpion. The scorpion stings you.
* * * LOW HITPOINT WARNING * * *
You are lethally poisoned!
The scorpion poisons you!
You closely miss the scorpion. Your claw misses the scorpion.
* * * LOW HITPOINT WARNING * * *
You feel sick. The scorpion barely misses you.
Unknown command.
You scratch the scorpion.
The scorpion is moderately wounded.
You die...

#..# #.# .# ####..# #.#
#.# ......# #.#
####.####
.####.###.###........
........†.<....>.#####
.####.#.#..##.#†...<..
.. ...#.#..##....######.
#######.#..#...)........
#.#...###)@##### #.##.##
##s# #.#.## ##.# #.#. .#
# .# .. .# .#


You could see a scorpion.

Vanquished Creatures
  Sigmund (D:2)
  The ghost of nicolae the Changer, an amateur SpTm of Gozag (D:4)
  An ogre (D:4)
  A howler monkey (D:4)
  2 hounds (D:4)
  An orc priest (D:4)
  Natasha (thrice) (D:2)
  8 gnolls
  11 adders
  A white imp (D:5)
  3 worms (D:3)
  2 dart slugs (D:1)
  7 orcs
  5 endoplasms
  2 giant cockroaches (D:2)
  11 goblins
  5 hobgoblins
  4 jackals
  3 quokkas
  3 ball pythons
  4 bats
  3 frilled lizards
  7 kobolds
  3 rats
92 creatures vanquished.

Notes
Turn   | Place    | Note
-------+----------+-------------------------------------------
     0 | D:1      | kevlar127 the Troll Berserker began the quest for the Orb.
     0 | D:1      | Reached XP level 1. HP: 22/22 MP: 0/0
   247 | D:1      | Reached XP level 2. HP: 29/29 MP: 1/1
   836 | D:2      | Reached ** piety under Trog
   841 | D:2      | Reached XP level 3. HP: 34/35 MP: 2/2
   968 | D:2      | Noticed Natasha
   969 | D:2      | Noticed Sigmund
   976 | D:2      | Killed Natasha
   977 | D:2      | Reached XP level 4. HP: 31/45 MP: 3/3
   987 | D:2      | Killed Sigmund
   988 | D:2      | Reached skill level 4 in Unarmed Combat
   988 | D:2      | Reached XP level 5. HP: 44/54 MP: 4/4
  1012 | D:2      | Noticed Natasha
  1016 | D:2      | Killed Natasha
  1021 | D:2      | Noticed Natasha
  1032 | D:2      | Killed Natasha
  1033 | D:2      | Reached skill level 5 in Unarmed Combat
  1033 | D:2      | Reached XP level 6. HP: 41/62 MP: 5/5
  1522 | D:3      | Found a faded altar of an unknown god.
  1573 | D:3      | Found an iron altar of Okawaru.
  1574 | D:3      | Found a bloodstained altar of Trog.
  2182 | D:4      | Reached skill level 1 in Throwing
  2182 | D:4      | Reached skill level 1 in Armour
  2212 | D:4      | Found a runed translucent door.
  2212 | D:4      | Noticed nicolae's ghost (amateur SpTm)
  2254 | D:4      | Reached *** piety under Trog
  2357 | D:4      | Reached XP level 7. HP: 71/71 MP: 6/6
  2821 | D:4      | Killed nicolae's ghost
  2853 | D:5      | Entered Level 5 of the Dungeon
  2959 | D:5      | HP: 2/106 [scorpion (5)]
  2961 | D:5      | Succumbed to a scorpion's poison

Illustrated notes

Levels and vault maps discovered:
D:1:      matt_arrival_debris, layout_basic, minmay_surrounded
D:2:      layout_rooms, minivault_26, uniq_natasha, uniq_sigmund
D:3:      layout_basic, grunt_temple_overflow_bloody_war,
          chequers_ecumenical_altar_grove
D:4:      layout_gridville, ebering_ghost_sewer_d
D:5:      layout_loops_ring, serial_shops, kennysheep_mini, hex_tiny,
          uniq_eustachio, uniq_prince_ribbit1

Skill      XL: |  1  2  3  4  5  6  7 |
---------------+----------------------+-----
Fighting       | 3 4 |  4.9
Dodging        | 3 |  3.0
Unarmed Combat | 4 5 |  5.8
Throwing       | 1 2 |  2.3
Armour         | 1 2 |  2.1

Action                   |  1- 3 |  4- 6 |  7- 9 || total
-------------------------+-------+-------+-------++-------
Melee: Unarmed           |    79 |   148 |    58 ||   285
       Punch             |       |     4 |     1 ||     5
Invok: Berserk           |       |     2 |     2 ||     4
 Stab: Sleeping          |       |     1 |       ||     1
Armor: Animal skin       |    23 |    48 |    29 ||   100
Dodge: Dodged            |    36 |    74 |    41 ||   151

Table legend: (Time is in decaauts)
 A = Elapsed time spent in this place.
 B = Non-inter-level travel time spent in this place.
 C = Inter-level travel time spent in this place.
 D = Time resting spent in this place.
 E = Time spent auto-exploring this place.
 F = Levels seen in this place.
 G = Mean time per level.
                   A        B        C        D        E       F      G
               +--------+--------+--------+--------+--------+-----+--------+
         Total |   2985 |   2883 |    102 |      4 |   2286 |   5 |  597.0 |
       Dungeon |   2985 |   2883 |    102 |      4 |   2286 |   5 |  597.0 |
               +--------+--------+--------+--------+--------+-----+--------+

Top non-repeatable levels by time:
     D:3: 890 daAuts
     D:1: 789 daAuts
     D:4: 702 daAuts
     D:2: 500 daAuts
     D:5: 102 daAuts
